 Dungeon Crawl Stone Soup version 0.30-a0-4-ga7cffc901d (webtiles) character file.

Game seed: 2507805527362673041

19875 KleinerIrrer the Black Belt (level 12, 0/81 HPs)
             Began as an Octopode Monk on Aug 21, 2022.
             Was an Initiate of Gozag.
             Slain by an elephant (15 damage)
             ... on level 2 of the Lair of Beasts.
             The game lasted 00:40:13 (19925 turns).

KleinerIrrer the Black Belt (Octopode Monk)        Turns: 19925, Time: 00:40:14

Health: 0/81       AC:  1    Str:  8    XL:     12   Next: 73%
Magic:  14/15      EV: 20    Int: 17    God:    Gozag
Gold:   1103       SH:  0    Dex: 15    Spells: 13/15 levels left

rFire   . . .      SeeInvis .      - Unarmed
rCold   . . .      Faith    .    (no shield)
rNeg    . . .      Spirit   .    (helmet restricted)
rPois   +          Reflect  .    (no amulet)
rElec   .          Harm     .    d - ring of poison resistance
rCorr   +          Rampage  .    s - +4 ring of evasion
Will    .....                    i - ring "Koisseaz" {Fly Will- Str-2 Slay+4 Stlth+}
Stlth   ++++......               E - ring of resist corrosion
HPRegen 0.23/turn                (no ring)
MPRegen 0.14/turn                (no ring)
                                 (no ring)
                                 (no ring)

@: wereblooded, flying
A: almost no armour, amphibious, 8 rings, camouflage 1, gelatinous body 1,
(nimble swimmer 1), tentacles
a: Renounce Religion, Potion Petition, Call Merchant, Bribe Branch


You were on level 2 of the Lair of Beasts.
You worshipped Gozag.
Gozag was most pleased with you.
You visited 3 branches of the dungeon, and saw 14 of its levels.

You collected 1871 gold pieces.
You spent 768 gold pieces at shops.

Inventory:

Hand Weapons
 k - the +9 mace "Taitip" {speed, Fly rCorr SInv}
   (You found it on level 4 of the Dungeon)

   Attacks with this weapon are significantly faster.
   SInv:      It lets you see invisible.
   Fly:       It grants you flight.
   rCorr:     It protects you from acid and corrosion.
 D - the +4 sling "Goerhev" {speed, rF+ Will- Str+3}
   (You found it on level 2 of the Dungeon)

   Attacks with this weapon are significantly faster.
   Str:       It affects your strength (+3).
   rF:        It protects you from fire.
   Will:      It decreases your willpower.
Missiles
 g - 33 poisoned darts (quivered)
 y - 8 javelins
Magical Staves
 F - a staff of air
Jewellery
 d - a ring of poison resistance (left tentacle)
 i - the ring "Koisseaz" (on tentacle) {Fly Will- Str-2 Slay+4 Stlth+}
   (You bought it in a shop on level 8 of the Dungeon)

   [ring of flight]

   Str:       It affects your strength (-2).
   Slay:      It affects your accuracy & damage with ranged weapons and melee
   (+4).
   Fly:       It grants you flight.
   Will:      It decreases your willpower.
   Stlth:     It makes you more stealthy.
 o - a ring of ice
 s - a +4 ring of evasion (right tentacle)
 E - a ring of resist corrosion (on tentacle)
Wands
 b - a wand of charming (4)
 f - a wand of polymorph (9)
 t - a wand of iceblast (13)
 v - a wand of flame (25)
 z - a wand of light (10)
 A - a wand of mindburst (4)
 G - a wand of digging (7)
Scrolls
 c - a scroll of teleportation
 e - 2 scrolls of silence
 l - 3 scrolls of vulnerability
 p - a scroll of immolation
 q - 5 scrolls of identify
 w - 5 scrolls of enchant armour
 C - a scroll of brand weapon
Potions
 a - 2 potions of ambrosia
 h - 2 potions of magic
 j - 5 potions of attraction
 m - 3 potions of haste
 n - 3 potions of mutation
 r - a potion of degeneration {unknown}
 u - a potion of brilliance
 B - a potion of resistance


   Skills:
 - Level 7.6 Fighting
 - Level 7.6 Dodging
 - Level 2.6 Stealth
 - Level 16.2 Unarmed Combat
 + Level 2.3 Spellcasting
 * Level 8.2 Transmutations


You had 13 spell levels left.
You knew the following spells:

 Your Spells              Type           Power      Damage    Failure   Level
a - Wereblood             Tmut           29%        N/A       1%          2

Your spell library contained the following spells:

 Spells                   Type           Power      Damage    Failure   Level
 Apportation              Tloc           2%         N/A       19%         1
 Foxfire                  Conj/Fire      4%         2x1d4     19%         1
 Freeze                   Ice            4%         1d3       19%         1
 Necrotise                Necr           4%         1d4       19%         1
 Summon Small Mammal      Summ           4%         N/A       19%         1
 Blink                    Tloc           2%         N/A       28%         2
 Poisonous Vapours        Pois/Air       2%         N/A       28%         2
 Sublimation of Blood     Necr           1%         N/A       28%         2
 Call Canine Familiar     Summ           1%         N/A       50%         3
 Conjure Flame            Conj/Fire      1%         6-21      50%         3
 Dazzling Flash           Conj/Hex       2%         N/A       50%         3
 Frozen Ramparts          Ice            2%         1d1       50%         3
 Gell's Gravitas          Tloc           1%         N/A       50%         3
 Inner Flame              Hex/Fire       1%         N/A       50%         3
 Portal Projectile        Hex/Tloc       2%         N/A       50%         3
 Teleport Other           Tloc           1%         N/A       50%         3
 Alistair's Intoxication  Tmut/Pois      10%        N/A       67%         5
 Flame Wave               Conj/Fire      1%         2d4       88%         4
 Hailstorm                Conj/Ice       1%         3d3       88%         4
 Iskenderun's Mystic Bla  Conj/Tloc      1%         2d3       88%         4
 Leda's Liquefaction      Hex/Erth       0%         N/A       88%         4
 Freezing Cloud           Conj/Ice/Air   0%         6-21      99%         5
 Manifold Assault         Tloc           1%         N/A       99%         5
 Dispersal                Tloc           0%         N/A       100%        6
 Starburst                Conj/Fire      0%         6d3       100%        6
 Storm Form               Tmut/Air       7%         N/A       100%        7
 Summon Hydra             Summ           0%         N/A       100%        7
 Polar Vortex             Ice            0%         N/A       100%        9
 Corpse Rot               Necr/Pois/Air  Unusable   N/A       N/A         4
 Simulacrum               Ice/Necr       Unusable   N/A       N/A         6

Dungeon Overview and Level Annotations

Branches:
Dungeon (11/15)            Temple (1/1) D:7            Lair (2/5) D:9
  Swamp: Lair:2-3    Shoals: Lair:2-3     Snake: Lair:2-3    Spider: Lair:2-3
    Orc: D:9-12

Altars:
Ashenzari
Cheibriados
Dithmenos
Elyvilon
Fedhas
Gozag
Hepliaklqana
Kikubaaqudgha
Makhleb
Nemelex Xobeh
Okawaru
Qazlal
Ru
Sif Muna
Trog
Uskayaw
Vehumet
Wu Jian
Xom
Yredelemnul
Zin
The Shining One

Shops:
D:4 :   D:8 *

Annotations:
D:10 exclusion: hydra
D:11 exclusion: statue


Innate Abilities, Weirdness & Mutations

You cannot wear most types of armour.
You are amphibious.
You can wear up to eight rings at the same time.
Your skin changes colour to match your surroundings (Stealth+).
Your rubbery body absorbs attacks. (AC +1, EV +1)
((You are camouflaged when in or above water. (Stealth+)))
You have tentacles for arms and can constrict up to eight enemies at once.


Message History

The elephant is lightly wounded.
The elephant trumpets!
The elephant closely misses you. The elephant trunk-slaps you.
You tentacle-slap the elephant but do no damage.
Your tentacle-slap misses the elephant.
The elephant is lightly wounded.
Casting: Wereblood (safe; 1% risk of failure)
Confirm with . or Enter, or press ? or * to list all spells.
Your blood is infused with primal strength.
The elephant tramples you.
You hold your ground!
The elephant trunk-slaps you.
You completely miss the elephant.
The elephant trumpets!
You squeeze the elephant, but do no damage.
The elephant is lightly wounded.
The elephant tramples you.
You hold your ground!
The elephant barely misses you.
You bludgeon the elephant! You squeeze the elephant!
The elephant is moderately wounded.
The elephant tramples you!
You hold your ground!
The elephant trunk-slaps you.
As you read the scroll of fear, it crumbles to dust.
You assume a fearsome visage.
The elephant looks frightened!
The elephant easily resists.
The elephant looks frightened!
There is a stone staircase leading up, spattered with blood here.
The elephant tramples you.
You are shoved backwards!
You stop ascending the stairs.
You bludgeon the elephant!
The elephant is moderately wounded.
You bludgeon the elephant! You squeeze the elephant!
The elephant is heavily wounded.
The elephant completely misses you. The elephant trunk-slaps you.
You bludgeon the elephant!
The elephant is severely wounded.
The elephant tramples you!
* * * LOW HITPOINT WARNING * * *
You hold your ground!
The elephant completely misses you.
You tentacle-slap the elephant. You squeeze the elephant.
The elephant is almost dead.
The elephant tramples you!
You die...
Your body crumbles into a pile of gold.

..Y............#...##......
Y....................#....
Y........##.........##...
.......##...........##..
#....###...##...#.....#.
#.#.# #...###.8.##....#.
##..###...###...####..##
#Y.......###.....# #...#
##....Y@8# #..>..###8.>.
#........# #......##...#
#..####..# ##....###..##
##. #...##..8$###...#. .+
#.....#...#....... ..
.##...........##.. ... .
............#... ... .
..#........#.... $ .
##....#.#.....


You could see 2 elephants.

Vanquished Creatures
  Fannar (D:10)
  A hydra (D:11)
  A two-headed ogre (D:11)
  Pikel (D:8)
  A cyclops (D:11)
  7 elephants (Lair:1)
  Maurice (D:9)
  A gargoyle (D:10)
  A kobold demonologist (D:11)
  2 unseen horrors
  3 cane toads
  A rime drake (Lair:1)
  2 komodo dragons
  A hornet (D:11)
  A troll (D:9)
  Prince Ribbit (D:8)
  5 blink frogs (Lair:2)
  A wraith (D:10)
  A shadow (D:11)
  2 wyverns
  A basilisk (Lair:1)
  30 yaks
  4 steam dragons
  An acid dragon (D:11)
  8 water moccasins
  3 orc warriors
  2 black bears
  2 centaurs
  4 ogres
  A lemure (D:8)
  3 phantoms (D:4)
  A kobold brigand (D:9)
  3 bullfrogs
  5 necrophages
  3 scorpions
  12 wights
  8 killer bees
  5 howler monkeys
  5 hounds
  A jelly (D:6)
  A gnoll bouda (D:8)
  4 orc priests
  Ijyb (D:5)
  An iguana (D:4)
  6 orc wizards
  Robin (D:2)
  9 gnolls
  7 adders
  3 worms
  3 dart slugs
  38 orcs
  9 endoplasms
  6 giant cockroaches
  14 goblins
  12 hobgoblins
  4 jackals (D:4)
  9 kobolds
  4 quokkas
  10 ball pythons
  5 bats
  4 frilled lizards
  6 rats
294 creatures vanquished.

Vanquished Creatures (others)
  4 fungi
  34 plants
38 creatures vanquished.

Grand Total: 332 creatures vanquished

Notes
Turn   | Place    | Note
-------+----------+-------------------------------------------
     0 | D:1      | KleinerIrrer the Octopode Monk began the quest for the Orb.
     0 | D:1      | Reached XP level 1. HP: 16/16 MP: 1/1
    65 | D:1      | Found a faded altar of an unknown god.
    73 | D:1      | Reached XP level 2. HP: 12/21 MP: 2/2
   479 | D:1      | Reached skill level 4 in Unarmed Combat
   493 | D:1      | Reached XP level 3. HP: 25/26 MP: 3/3
  1265 | D:2      | Identified the +4 sling "Goerhev" {speed, rF+ Will- Str+3}
  1369 | D:2      | Identified the +2 short sword "Wotew" {vorpal, rF- rN++
                  | Will++}
  1401 | D:2      | Reached XP level 4. HP: 31/31 MP: 4/4
  1555 | D:2      | Reached skill level 5 in Unarmed Combat
  1622 | D:3      | Noticed Robin
  1924 | D:2      | Killed Robin
  2132 | D:3      | Reached XP level 5. HP: 29/36 MP: 5/5
  3067 | D:3      | Reached skill level 6 in Unarmed Combat
  3582 | D:3      | Reached XP level 6. HP: 39/42 MP: 6/6
  3989 | D:4      | Found a glowing golden altar of the Shining One.
  4124 | D:4      | Found Wioneet's Book Boutique.
  4134 | D:4      | Reached skill level 7 in Unarmed Combat
  4194 | D:4      | Identified the +9 mace "Taitip" {speed, Fly rCorr SInv}
  4311 | D:4      | Reached XP level 7. HP: 35/46 MP: 7/7
  4449 | D:4      | Reached skill level 8 in Unarmed Combat
  4617 | D:4      | Reached skill level 9 in Unarmed Combat
  4821 | D:4      | Reached XP level 8. HP: 52/52 MP: 8/8
  4995 | D:5      | Entered Level 5 of the Dungeon
  4995 | D:5      | Noticed Ijyb
  5005 | D:5      | Killed Ijyb
  5180 | D:5      | Identified the +0 leather armour "Zessoadi" {rElec rN+
                  | Int+2 Dex+4}
  5283 | D:5      | Reached skill level 10 in Unarmed Combat
  6117 | D:6      | Identified the +2 leather armour "Ederomoa" {Int+3 Dex+2
                  | Slay+3}
  6208 | D:6      | Reached skill level 11 in Unarmed Combat
  6311 | D:6      | Found a stormy altar of Qazlal.
  6314 | D:6      | Noticed a water elemental
  6351 | D:6      | Reached XP level 9. HP: 12/56 MP: 9/9
  6716 | D:6      | Reached skill level 12 in Unarmed Combat
  6973 | D:6      | Found a hazy altar of Hepliaklqana.
  6974 | D:6      | Found a shadowy altar of Dithmenos.
  8010 | D:7      | Found a staircase to the Ecumenical Temple.
  8016 | Temple   | Entered the Ecumenical Temple
  8025 | Temple   | Became a worshipper of Gozag Ym Sagoz the Greedy
  8401 | D:7      | Reached skill level 13 in Unarmed Combat
  9413 | D:8      | Found Ocaidam's Island Escapes.
  9421 | D:8      | Bought the ring "Koisseaz" {Fly Will- Str-2 Slay+4 Stlth+}
                  | for 357 gold pieces
  9421 | D:8      | Bought a scroll of blinking for 75 gold pieces
  9422 | D:8      | Noticed Pikel
  9619 | D:8      | Killed Pikel
  9620 | D:8      | Reached skill level 14 in Unarmed Combat
  9620 | D:8      | Reached XP level 10. HP: 46/63 MP: 10/10
  9740 | D:8      | Noticed Prince Ribbit
  9743 | D:8      | Killed Prince Ribbit
 10397 | D:8      | Reached skill level 15 in Unarmed Combat
 10725 | D:8      | Found a snail-covered altar of Cheibriados.
 11658 | D:9      | Found a white marble altar of Elyvilon.
 11990 | D:9      | Identified the +8 dagger "Qetrazaeto" {pain, rPois rN+
                  | Str+4 Stlth-}
 12064 | D:9      | Found a staircase to the Lair.
 12147 | D:9      | Reached XP level 11. HP: 49/69 MP: 11/11
 12459 | D:9      | Found a sacrificial altar of Ru.
 12641 | D:9      | Noticed Maurice
 12655 | D:9      | Killed Maurice
 12656 | D:9      | Reached skill level 5 in Fighting
 12656 | D:9      | Reached skill level 5 in Dodging
 13051 | D:10     | Entered Level 10 of the Dungeon
 13085 | D:10     | Noticed Fannar
 13443 | D:10     | Killed Fannar
 14919 | D:10     | Noticed a seven-headed hydra
 15059 | D:10     | Found a hide-covered altar of Uskayaw.
 15344 | D:11     | Found a radiant altar of Vehumet.
 15915 | D:11     | Noticed a five-headed hydra
 15924 | D:11     | Killed a five-headed hydra
 16326 | D:11     | Noticed a two-headed ogre
 16400 | D:11     | Noticed a cyclops
 16418 | D:11     | Killed a cyclops
 16419 | D:11     | Reached skill level 16 in Unarmed Combat
 16538 | D:11     | Killed a two-headed ogre
 16747 | D:11     | Reached XP level 12. HP: 81/81 MP: 12/12
 17352 | D:4      | Bought a book of Blood for 336 gold pieces
 17355 | D:4      | Learned a level 2 spell: Wereblood
 17486 | Lair:1   | Entered Level 1 of the Lair of Beasts
 17507 | Lair:1   | Reached skill level 1 in Transmutations
 18230 | Lair:1   | Reached skill level 5 in Transmutations
 18994 | Lair:1   | Identified the +1 chain mail of Zonack {rPois Regen+ MP+9}
 19533 | Lair:2   | Reached skill level 1 in Spellcasting
 19925 | Lair:2   | Slain by an elephant

Illustrated notes

Levels and vault maps discovered:
D:1:      dpeg_arrival_orchard, layout_basic, nicolae_ecumenical_snake_handling
D:2:      layout_basic
D:3:      layout_basic, uniq_robin
D:4:      layout_basic, mainiacjoe_overflow_surrounded_room, serial_shops,
          shop_fountains
D:5:      layout_cave_pods, st_stairs_7, dreamdust_wishing_well,
          serial_bayou_pond_e, uniq_ijyb
D:6:      layout_cave_pods, riverfiend_overflow_shadow_ancestor,
          nicolae_qazlal_style_of_elements
D:7:      layout_rooms, temple_green, enter_bailey_8
D:8:      layout_basic, general_overflow_altar, serial_curves, eino_curves_02,
          eino_curves_04, nicolae_island_escapes, uniq_prince_ribbit1,
          uniq_pikel
D:9:      layout_roguey, lemuel_coloured_pillars_altar, elyvilon_altar_1,
          david_lair_shrubbed, uniq_maurice
D:10:     layout_basic, mainiacjoe_overflow_catwalk, hangedman_decor_growths,
          uniq_fannar
D:11:     layout_roguey, portal_ice_cave_entry_pillars_1, kennysheep_cross_room,
          vehumet_statue
Temple:   nicolae_temple_ecumenical_triangle
Lair:1:   layout_regular_city
Lair:2:   layout_regular_city, grunt_megastairs_5

Skill      XL: |  1  2  3  4  5  6  7  8  9 10 11 12 |
---------------+-------------------------------------+-----
Unarmed Combat | 4 5 6 7 9 11 14 15 16 | 16.2
Fighting       | 4 7 |  7.6
Dodging        | 4 7 |  7.6
Transmutations | 8 |  8.2
Spellcasting   | 2 |  2.3
Stealth        | |  2.6

Action                   |  1- 3 |  4- 6 |  7- 9 | 10-12 || total
-------------------------+-------+-------+-------+-------++-------
Melee: Unarmed           |    66 |    61 |       |   294 ||   421
       Constrict         |    19 |    16 |    31 |    38 ||   104
       Tentacles         |    13 |    13 |    23 |   115 ||   164
       Punch             |     1 |     2 |    10 |    71 ||    84
       Mace              |       |     6 |   167 |   102 ||   275
       Sling             |       |       |       |     3 ||     3
 Fire: Sling             |    16 |   111 |   156 |   100 ||   383
Throw: Dart              |    10 |     4 |     3 |     5 ||    22
 Cast: Wereblood         |       |       |       |     6 ||     6
Evoke: Wand              |       |       |       |     5 ||     5
  Use: Potion            |       |     2 |     5 |     5 ||    12
       Scroll            |       |    10 |     9 |    10 ||    29
 Stab: Sleeping          |     3 |     4 |     1 |     6 ||    14
       Distracted        |       |       |       |     4 ||     4
Armor: Skin              |     5 |     4 |     1 |     7 ||    17
Dodge: Dodged            |    35 |    73 |   153 |   246 ||   507

Table legend: (Time is in decaauts)
 A = Elapsed time spent in this place.
 B = Non-inter-level travel time spent in this place.
 C = Inter-level travel time spent in this place.
 D = Time resting spent in this place.
 E = Time spent auto-exploring this place.
 F = Levels seen in this place.
 G = Mean time per level.
                   A        B        C        D        E       F      G
               +--------+--------+--------+--------+--------+-----+--------+
         Total |  19753 |  18738 |   1015 |   5673 |  10449 |  14 | 1410.9 |
       Dungeon |  17344 |  16406 |    938 |   4666 |   9449 |  11 | 1576.7 |
        Temple |     25 |      3 |     22 |      0 |      0 |   1 |   25.0 |
          Lair |   2384 |   2330 |     54 |   1007 |   1000 |   2 | 1192.0 |
               +--------+--------+--------+--------+--------+-----+--------+

Top non-repeatable levels by time:
     D:9: 2186 daAuts
  Lair:1: 2103 daAuts
     D:6: 2075 daAuts
    D:11: 1816 daAuts
     D:8: 1810 daAuts
     D:7: 1807 daAuts
     D:2: 1723 daAuts
    D:10: 1701 daAuts
     D:4: 1388 daAuts
     D:3: 1280 daAuts
     D:5: 859 daAuts
     D:1: 695 daAuts
  Lair:2: 281 daAuts
  Temple: 25 daAuts
